 Dungeon Crawl Stone Soup version 0.28.0-43-g3370ac3207 (webtiles) character file.

Game seed: 5057595833065425999

907 pkoi the Insei (level 7, -1/57 HPs)
             Began as a Demigod Gladiator on Mar 25, 2022.
             Killed from afar by a white imp (9 damage)
             ... with a puff of frost
             ... on level 6 of the Dungeon.
             The game lasted 00:06:23 (7305 turns).

pkoi the Insei (Demigod Gladiator)                  Turns: 7305, Time: 00:06:23

Health: -1/57      AC:  6    Str: 19    XL:     7   Next: 51%
Magic:  9/9        EV: 14    Int: 16    God:
Gold:   264        SH:  5    Dex: 19    Spells: 3/6 levels left

rFire   . . .      SeeInvis .     - Unarmed
rCold   . . .      Faith    .   (no shield)
rNeg    + . .      Spirit   .   r - +0 robe {rN+}
rPois   .          Reflect  +   b - +0 helmet
rElec   .          Harm     .   (no cloak)
rCorr   .          Rampage  .   d - +0 pair of gloves
Will    .....                   o - +1 pair of boots
Stlth   ++........              q - amulet of reflection
HPRegen 0.19/turn               e - +6 ring of intelligence
MPRegen 0.11/turn               (no ring)

@: no status effects
A: high MP 1, forlorn, divine attributes
a: no special abilities


You were on level 6 of the Dungeon.
You visited 1 branch of the dungeon, and saw 6 of its levels.

You collected 264 gold pieces.

Inventory:

Hand Weapons
 j - a +0 whip
Missiles
 c - 3 throwing nets
 f - 5 poisoned darts (quivered)
 s - 10 curare-tipped darts
Armour
 a - a +0 leather armour
 b - a +0 helmet (worn)
 d - a +0 pair of gloves (worn)
 o - a +1 pair of boots (worn)
 r - a +0 robe of positive energy (worn)
Jewellery
 e - a +6 ring of intelligence (left hand)
 h - an amulet of magic regeneration
 q - an amulet of reflection (around neck)
Wands
 p - a wand of iceblast (1)
 t - a wand of flame (17)
Scrolls
 g - a scroll of identify
 i - 2 scrolls of teleportation
Potions
 k - a potion of brilliance
 l - 3 potions of flight
 m - 2 potions of might
 n - a potion of ambrosia


   Skills:
 + Level 3.3 Fighting
 - Level 1.7 Throwing
 + Level 4.0 Dodging
 * Level 7.5 Unarmed Combat


You had 3 spell levels left.
You knew the following spells:

 Your Spells              Type           Power      Damage    Failure   Level
a - Confusing Touch       Hex            0%         N/A       58%         3

Your spell library contained the following spells:

 Spells                   Type           Power      Damage    Failure   Level
 Slow                     Hex            0%         N/A       26%         1
 Vampiric Draining        Necr           0%         2d6       58%         3


Dungeon Overview and Level Annotations

Branches:
Dungeon (6/15)             Temple (0/1) D:5

Shops:
D:4 *


Innate Abilities, Weirdness & Mutations

You have an increased reservoir of magic. (+10% MP)
You shall have no god before yourself.
Your divine heritage dramatically boosts your attributes as you level up.


Message History

The orc dies!
The bolt of electricity hits you.
The bullfrog hits you but does no damage.
The orc warrior hits you with a +0 war axe!
* * * LOW HITPOINT WARNING * * *
The orc warrior hits you with a +0 war axe!
* * * LOW HITPOINT WARNING * * *
You block the bullfrog's attack. The bullfrog hits you.
* * * LOW HITPOINT WARNING * * *
The bullfrog closely misses you. The bullfrog barely misses you.
Aiming: Iceblast
Press: ? - help, Shift-Dir - straight line The mass of ice explodes!
The iceblast engulfs the bullfrog!!
The bullfrog is almost dead.
The iceblast engulfs the orc warrior.
The orc warrior is lightly wounded.
The bullfrog barely misses you.
Unknown command.
The bullfrog hits you but does no damage.
The bullfrog hits you.
* * * LOW HITPOINT WARNING * * *
The bullfrog misses you. The bullfrog hits you.
* * * LOW HITPOINT WARNING * * *
You punch the bullfrog!
You kill the bullfrog!
You block the orc warrior's attack.
Your Dodging skill increases to level 4!
The orc warrior completely misses you. The white imp gestures at you.
The puff of frost hits you!
* * * LOW HITPOINT WARNING * * *
The white imp gestures at you. The puff of frost hits you.
* * * LOW HITPOINT WARNING * * *
The white imp gestures at you. The puff of frost hits you!
You die...

#................#
#..............## #..
##...........<.## #. #..
#..#..........#####..# #.
#.............##...... #.
##...............≈.....## #.
##............≈..≈≈......## #
#........#.......≈≈≈§.....###
##.......#..@..≈###≈≈≈.....#.
##......#.....≈≈≈≈≈+........
#.........o.§#≈_§≈#≈.......
#...........≈≈≈8.≈#......##
#.........o.§#≈≈≈≈#≈≈...##
##.#######...5###§#§≈≈..##
###.## ##...≈...§≈≈§..#
#...## #........≈...##
##...## #...........§#


You could see an orc warrior, a white imp and an orc.

Vanquished Creatures
  3 ogres
  A sky beast (D:5)
  A centaur (D:5)
  A wyvern zombie (D:5)
  A bullfrog (D:6)
  A jelly (D:4)
  A centaur skeleton (D:4)
  A hound (D:5)
  An orc priest (D:4)
  4 iguanas
  A hound skeleton (D:5)
  3 howler monkey skeletons
  5 adders
  A worm (D:3)
  2 dart slugs
  12 orcs
  5 ball pythons
  4 endoplasms
  A giant cockroach (D:4)
  5 goblins
  9 hobgoblins
  3 jackals (D:1)
  4 quokkas
  6 kobolds
76 creatures vanquished.

Vanquished Creatures (others)
  An orc (D:6)
1 creature vanquished.

Grand Total: 77 creatures vanquished

Notes
Turn   | Place    | Note
-------+----------+-------------------------------------------
     0 | D:1      | pkoi the Demigod Gladiator began the quest for the Orb.
     0 | D:1      | Reached XP level 1. HP: 17/17 MP: 3/3
   183 | D:1      | Reached skill level 3 in Unarmed Combat
   994 | D:1      | Reached XP level 2. HP: 23/24 MP: 4/4
  2290 | D:3      | Reached XP level 3. HP: 28/29 MP: 5/5
  2306 | D:3      | Reached skill level 4 in Unarmed Combat
  3190 | D:4      | Found Ydyps's General Store.
  3257 | D:4      | Reached XP level 4. HP: 14/36 MP: 6/6
  3924 | D:4      | Reached skill level 5 in Unarmed Combat
  4210 | D:4      | Learned a level 3 spell: Confusing Touch
  4224 | D:4      | Noticed an ogre
  4294 | D:4      | Killed an ogre
  4295 | D:4      | Reached XP level 5. HP: 41/41 MP: 7/7
  4668 | D:3      | Reached skill level 6 in Unarmed Combat
  5180 | D:5      | Entered Level 5 of the Dungeon
  5263 | D:5      | Noticed an ogre
  5263 | D:5      | Noticed a centaur
  5368 | D:4      | Killed an ogre
  5369 | D:4      | Reached XP level 6. HP: 16/48 MP: 8/8
  6570 | D:5      | Reached skill level 7 in Unarmed Combat
  6570 | D:5      | Reached XP level 7. HP: 38/56 MP: 9/9
  6836 | D:5      | Found a staircase to the Ecumenical Temple.
  7305 | D:6      | Killed from afar by a white imp

Illustrated notes

Levels and vault maps discovered:
D:1:      ncdulo_lavacross, layout_loops_corners,
          shapermc_ecumenical_altar_ellora, serial_park_tiny_2
D:2:      layout_basic
D:3:      layout_basic
D:4:      nicolae_BIG_FREAKIN_CUBE, layout_loops_corners,
          overflow_temple_1_default, serial_shops, shop
D:5:      layout_cave_pools, lemuel_temple_firewalk_b,
          nicolae_elevator_lobby_asterisk
D:6:      layout_layer_cave, nicolae_qazlal_general_emergency,
          amcnicky_mini_pool_medium, uniq_grinder

Skill      XL: |  1  2  3  4  5  6  7 |
---------------+----------------------+-----
Unarmed Combat | 3 4 5 6 7 |  7.5
Fighting       | 2 3 |  3.3
Dodging        | 3 4 |  4.0
Throwing       | |  1.7

Action                   |  1- 3 |  4- 6 |  7- 9 || total
-------------------------+-------+-------+-------++-------
Melee: Unarmed           |   149 |   121 |    40 ||   310
       Punch             |     3 |     2 |     3 ||     8
Evoke: Wand              |       |     8 |     1 ||     9
  Use: Scroll            |     7 |     3 |       ||    10
       Potion            |     5 |       |       ||     5
 Stab: Sleeping          |     4 |     2 |     1 ||     7
Armor: Leather armour    |    38 |       |       ||    38
       Robe              |    13 |    30 |     9 ||    52
Dodge: Dodged            |    92 |    86 |    19 ||   197
Block: Other             |       |       |    15 ||    15
